 Dungeon Crawl Stone Soup version 0.31-a0-879-g1609e0ac53 (webtiles) character file.

Game seed: 17446782886835349254

79 MisterAzrael the Trooper (level 4, -2/41 HPs)
             Began as a Hill Orc Fighter on Aug 13, 2023.
             Slain by a gnoll
             ... wielding a +0 club
              (7 damage)
             ... on level 2 of the Dungeon on Oct 15, 2023.
             The game lasted 00:03:15 (1324 turns).

MisterAzrael the Trooper (Hill Orc Fighter)         Turns: 1324, Time: 00:03:16

Health: -2/41      AC:  9    Str: 20    XL:     4   Next: 38%
Magic:  4/4        EV:  7    Int:  8    God:
Gold:   75         SH:  4    Dex: 10    Spells: 3/3 levels left

rFire   . . .        a - +0 war axe
rCold   . . .        c - +0 buckler
rNeg    . . .        k - +0 chain mail
rPois   .            (no helmet)
rElec   .            (no cloak)
rCorr   .            (no gloves)
SInv    .            (no boots)
Will    .....        (no amulet) Stlth
                     (no ring)
HPRegen 0.26/turn    (no ring)
MPRegen 0.09/turn

%: no passive effects
@: no status effects
A: no striking features
a: no special abilities


You were on level 2 of the Dungeon.
You visited 1 branch of the dungeon, and saw 2 of its levels.

You collected 75 gold pieces.

Inventory:

Hand Weapons
 a - a +0 war axe (weapon)
Armour
 b - a +0 scale mail
 c - a +0 buckler (worn)
 f - a +0 scale mail
 k - a +0 chain mail (worn)
Jewellery
 j - an amulet of guardian spirit
Scrolls
 g - a scroll of enchant weapon {unknown}
 h - a scroll of amnesia {unknown}
 i - a scroll of enchant armour {unknown}
 n - a scroll of immolation {unknown}
Potions
 d - 2 potions of might
 e - a potion of degeneration {unknown}
 l - a potion of lignification {unknown}
 m - a potion of curing {unknown}
 o - a potion of heal wounds {unknown}


   Skills:
 + Level 4.3 Fighting
 + Level 3.7 Axes
 + Level 4.0 Armour
 + Level 4.0 Shields


You had 3 spell levels left.
You didn't know any spells.
Your spell library was empty.

Dungeon Overview and Level Annotations

Branches:
Dungeon (2/15)

Altars:
Uskayaw


Message History

You hit the gnoll.
The gnoll is almost dead.
The gnoll hits you from afar with a +0 spear.
You slash the gnoll!
You kill the gnoll!
You slash the gnoll! The gnoll barely misses you.
Your Armour skill increases to level 4!
You closely miss the gnoll.
The gnoll is severely wounded.
The gnoll hits you with a +0 flail.
The gnoll hits you from afar with a +0 spear.
The gnoll hits you with a +0 club. The gnoll hits you with a +0 flail.
* * * LOW HITPOINT WARNING * * *
The gnoll completely misses you.
You are too injured to fight recklessly!
You are too injured to fight recklessly!
You are too injured to fight recklessly!
You completely miss the gnoll.
The gnoll is severely wounded.
You closely miss the gnoll. The gnoll barely misses you. x2
The gnoll hits you from afar with a +0 spear.
* * * LOW HITPOINT WARNING * * *
You slash the gnoll!
You kill the gnoll!
You barely miss the gnoll. The gnoll hits you with a +0 club.
* * * LOW HITPOINT WARNING * * *
The gnoll hits you from afar with a +0 spear.
* * * LOW HITPOINT WARNING * * *
Your Shields skill increases to level 4!
The gnoll hits you with a +0 club.
* * * LOW HITPOINT WARNING * * *
The gnoll hits you but does no damage.
Things that are here:
a +0 flail; a +0 club; a gnoll corpse The gnoll attacks as it pursues you!
The gnoll closely misses you.
You see here a +0 short sword.
A bat comes into view.
You barely miss the gnoll. The gnoll barely misses you.
The gnoll hits you with a +0 club!
You die...

######### #.# ##.#
#..# #.## #.#
#.#####.#
#.....#.####..
########..........
#...b@gg.)..###...
....#######........
. ##.####.. ...#
...# .$.# ###


You could see 2 gnolls and a bat.

Vanquished Creatures
  2 gnolls (D:2)
  An adder (D:2)
  6 ball pythons
  2 bats (D:2)
  6 endoplasms
  4 giant cockroaches
  4 goblins
  5 hobgoblins
  5 quokkas
  5 kobolds
  5 rats
45 creatures vanquished.

Notes
Turn   | Place    | Note
-------+----------+-------------------------------------------
     0 | D:1      | MisterAzrael the Hill Orc Fighter began the quest for the
                  | Orb.
     0 | D:1      | Reached XP level 1. HP: 19/19 MP: 1/1
   195 | D:1      | Reached XP level 2. HP: 27/27 MP: 2/2
   204 | D:1      | Found a faded altar of an unknown god.
   437 | D:1      | Upgraded the game from 0.31-a0-538-gbc85326fa9 to
                  | 0.31-a0-879-g1609e0ac53
   543 | D:1      | Reached XP level 3. HP: 33/33 MP: 3/3
  1202 | D:2      | Found a hide-covered altar of Uskayaw.
  1255 | D:2      | Reached XP level 4. HP: 40/40 MP: 4/4
  1324 | D:2      | Slain by a gnoll

Illustrated notes

Levels and vault maps discovered:
D:1:      minmay_arrival_pointy, layout_basic,
          ebering_ecumenical_altar_petrified
D:2:      layout_rooms, basic_altar, st_stairs_14, minmay_pentomino_o4

Skill      XL: |  1  2  3  4 |
---------------+-------------+-----
Axes           | 3 |  3.7
Fighting       | 4 |  4.3
Armour         | 4 |  4.0
Shields        | 4 |  4.0

Action                     |  1- 3 |  4- 6 || total
---------------------------+-------+-------++-------
  Melee: War axe           |   128 |    16 ||   144
 Armour: Scale mail        |    49 |       ||    49
         Chain mail        |    15 |    23 ||    38
  Dodge: Dodged            |    75 |     6 ||    81
  Block: Buckler           |    33 |     4 ||    37

Table legend: (Time is in decaauts)
 A = Elapsed time spent in this place.
 B = Non-inter-level travel time spent in this place.
 C = Inter-level travel time spent in this place.
 D = Time resting spent in this place.
 E = Time spent auto-exploring this place.
 F = Levels seen in this place.
 G = Mean time per level.
                   A        B        C        D        E       F      G
               +--------+--------+--------+--------+--------+-----+--------+
         Total |   1377 |   1365 |     12 |      0 |   1016 |   2 |  688.5 |
       Dungeon |   1377 |   1365 |     12 |      0 |   1016 |   2 |  688.5 |
               +--------+--------+--------+--------+--------+-----+--------+

Top non-repeatable levels by time:
     D:1: 1077 daAuts
     D:2: 299 daAuts
